 Dungeon Crawl Stone Soup version 0.21.1-1-g345015f (webtiles) character file.

393 Fang the Chopper (level 6, 0/39 HPs)
             Began as a Gargoyle Berserker on June 8, 2018.
             Was a Priest of Trog.
             Slain by a phantom (7 damage)
             ... on level 4 of the Dungeon.
             The game lasted 00:03:02 (4206 turns).

Fang the Chopper (Gargoyle Berserker)               Turns: 4206, Time: 00:03:02

Health: 0/39       AC:  6    Str: 22    XL:     6   Next: 81%
Magic:  6/6        EV: 13    Int:  8    God:    Trog [***...]
Gold:   108        SH:  0    Dex:  9    Spells: 5/5 levels left

rFire    . . .     SeeInvis .   a - +0 hand axe
rCold    . . .     Gourm    .   (no shield)
rNeg     + . .     Faith    .   b - +0 animal skin
rPois    ∞         Spirit   .   (no helmet)
rElec    +         Reflect  .   (no cloak)
rCorr    .         Harm     .   (no gloves)
MR       .....                  (no boots)
Stlth    ++........             (no amulet)
HPRegen  0.13/turn              (no ring)
MPRegen  0.10/turn              (no ring)

@: no status effects
A: negative energy resistance 1, electricity resistance, unbreathing,
petrification resistance, rot immunity, AC +4
a: Berserk, Trog's Hand, Burn Spellbooks, Renounce Religion


You were on level 4 of the Dungeon.
You worshipped Trog.
Trog was most pleased with you.
You were not hungry.

You visited 1 branch of the dungeon, and saw 4 of its levels.

You collected 108 gold pieces.

Inventory:

Hand Weapons
 a - a +0 hand axe (weapon)
Armour
 b - a +0 animal skin (worn)
Jewellery
 k - a +3 amulet of reflection {unknown}
Wands
 s - a wand of acid (7)
Scrolls
 e - 2 scrolls of amnesia {unknown}
 g - 4 scrolls of remove curse {unknown}
 h - 3 scrolls of immolation {unknown}
 i - a scroll of magic mapping {unknown}
 j - 2 scrolls of random uselessness {unknown}
 p - a scroll of enchant weapon {unknown}
 r - a scroll of fog {unknown}
 t - 2 scrolls of blinking {unknown}
 u - a scroll of identify {unknown}
Potions
 d - a potion of lignification {unknown}
 f - a potion of ambrosia {unknown}
 l - 2 potions of haste {unknown}
 m - 3 potions of invisibility {unknown}
 n - a potion of flight {unknown}
 o - a potion of degeneration {unknown}
 q - a potion of agility {unknown}
Comestibles
 c - 6 rations


   Skills:
 + Level 4.4 Fighting
 + Level 4.8 Axes
 + Level 2.3 Armour
 + Level 3.2 Dodging
 + Level 2.3 Stealth


You had 5 spell levels left.
You didn't know any spells.

Dungeon Overview and Level Annotations

Branches:
Dungeon (4/15)             Temple (0/1) D:4

Altars:
Ashenzari
Cheibriados
Fedhas
Qazlal
Yredelemnul
The Shining One


Innate Abilities, Weirdness & Mutations

You are resistant to torment.
Your stone body is resilient. (AC +4)
You are immune to poison.
You resist negative energy. (rN+)
You are resistant to electric shocks. (rElec)
You can survive without breathing.
You are immune to petrification.
You are immune to rotting.


Message History

You miss the phantom.
The phantom is heavily damaged.
The phantom hits you!
* * * LOW HITPOINT WARNING * * *
You hit the phantom.
The phantom is heavily damaged.
The phantom hits you.
* * * LOW HITPOINT WARNING * * *
The phantom blinks!
You hit the phantom but do no damage.
The phantom is heavily damaged.
The phantom barely misses you.
You closely miss the phantom.
The phantom is heavily damaged.
The phantom blinks!
You recover from your berserk rage.
The phantom blinks!
The phantom blinks!
The phantom hits you!
You die...

...................÷.............
###...........##.###..######..###
....(........###.####.># #..###
##.#...........#..####..# ##...#
...##.###.#..#.##..## #..## #.#..
...##.###...##..##..## #..###.###
...#..#....####..##..####..##.#
##.#.##.#...................#.#
.....#..#.......@.............#
#................W............#
......##......................#
##....##......................###
##...###.........................
##...# #.........................
##...# ##........................
...# #........#...............
..<.......###############


You could see a phantom.

Vanquished Creatures
  Sigmund (D:2)
  Terence (D:2)
  Natasha (D:4)
  2 worker ants (D:4)
  6 adders
  3 worms
  5 dart slugs
  A leopard gecko (D:4)
  3 orcs
  6 bats
  4 giant cockroaches
  4 goblins
  6 hobgoblins
  4 jackals
  2 frilled lizards
  8 kobolds
  A leopard gecko skeleton (D:4)
  13 rats
71 creatures vanquished.

Notes
Turn   | Place    | Note
-------+----------+-------------------------------------------
     0 | D:1      | Fang the Gargoyle Berserker began the quest for the Orb.
     0 | D:1      | Reached XP level 1. HP: 14/14 MP: 1/1
   409 | D:1      | Reached XP level 2. HP: 11/19 MP: 2/2
  1063 | D:1      | Reached XP level 3. HP: 24/24 MP: 3/3
  1554 | D:2      | Found a shattered altar of Ashenzari.
  1560 | D:2      | Reached ** piety under Trog
  1616 | D:2      | Found a glowing golden altar of the Shining One.
  1738 | D:2      | Reached XP level 4. HP: 29/29 MP: 4/4
  1746 | D:2      | Noticed Terence
  1766 | D:2      | Killed Terence
  1766 | D:2      | Reached skill level 1 in Stealth
  2014 | D:2      | Noticed Sigmund
  2027 | D:2      | Killed Sigmund
  2027 | D:2      | Reached XP level 5. HP: 34/34 MP: 5/5
  2027 | D:2      | Reached XP level 6. HP: 39/39 MP: 6/6
  2028 | D:2      | Found a stormy altar of Qazlal.
  2282 | D:2      | Found a blossoming altar of Fedhas.
  3150 | D:3      | Found a basalt altar of Yredelemnul.
  3236 | D:3      | Found a snail-covered altar of Cheibriados.
  3287 | D:3      | Reached *** piety under Trog
  3787 | D:4      | Found a staircase to the Ecumenical Temple.
  3800 | D:4      | Noticed Natasha
  3812 | D:4      | Killed Natasha
  4154 | D:4      | Noticed a phantom
  4206 | D:4      | Slain by a phantom

Skill      XL: |  1  2  3  4  5  6 |
---------------+-------------------+-----
Axes           | 3 4 |  4.8
Dodging        | 2 3 |  3.2
Stealth        | 1 2 |  2.3
Fighting       | 4 |  4.4
Armour         | |  2.3

Action                   |  1- 3 |  4- 6 || total
-------------------------+-------+-------++-------
Melee: Hand axe          |   110 |   202 ||   312
Invok: Berserk           |     1 |     4 ||     5
 Stab: Sleeping          |       |     7 ||     7
  Eat: Chunk             |     3 |    10 ||    13
       Ration            |       |     1 ||     1
Armor: Animal skin       |    31 |    58 ||    89
Dodge: Dodged            |    90 |   118 ||   208
